3AAA
SANTA BARBARA GOLDEN CRANES @ ELLENBURG FIGHTING DACHSUNDS
09/04/2029
 
TOP OF THE 1ST
Santa Barbara Golden Cranes batting - Pitching for Ellenburg Fighting Dachsunds : RHP José Macías
Pitching: RHP José Macías
Batting: LHB Manny Rosário 0-0: Ball
1-0: Hit by Pitch
Batting: RHB Ed St. James 0-0: Ball
1-0: Ball
2-0: Called Strike
2-1: Foul Ball, location: 2F
2-2: Ball
3-2: Foul Ball, location: 2F
3-2: Fielders Choice at 2nd, 3-6 (Groundball, 34)
Batting: RHB Gilbert Graham 0-0: Swinging Strike
0-1: Called Strike
0-2: Foul Ball, location: 2F
0-2: Ball
1-2: Foul Ball, location: 2F
1-2: SINGLE (Flyball, 8RS)
Ed St. James to second
Runner from 2nd tries for 3rd, SAFE after rundown.
Batting: LHB Sixto Álvarez 0-0: Ball
1-0: Foul Ball, location: 2F
1-1: Foul Ball, location: 2F
1-2: Ball
2-2: Strikes out swinging
Batting: RHB James Pike 0-0: SINGLE (Flyball, 56D)
Ed St. James scores
Gilbert Graham to second
Batting: RHB Logan Manning 0-0: Ball
1-0: Foul Ball, location: 2F
1-1: Foul Ball, location: 2F
1-2: Strikes out swinging
Top of the 1st over - 1 run, 2 hits, 0 errors, 2 left on base; Santa Barbara 1 - Ellenburg 0
BOTTOM OF THE 1ST
Ellenburg Fighting Dachsunds batting - Pitching for Santa Barbara Golden Cranes : RHP Gilberto Medina
Pitching: RHP Gilberto Medina
Batting: RHB Edwin Berns 0-0: Ball
1-0: Ball
2-0: Ball
3-0: Called Strike
3-1: Fly out, F9 (Flyball, 9D)
Batting: RHB José Vázquez 0-0: Ball
1-0: Ball
2-0: Ball
3-0: Base on Balls
Batting: RHB Steve Koch 0-0: Ball
1-0: Ball
2-0: Ball
3-0: Called Strike
3-1: Base on Balls
José Vázquez to second
Batting: RHB Alan McLennan 0-0: Ball
1-0: Swinging Strike
1-1: Swinging Strike
1-2: Ball
2-2: SINGLE (Groundball, 6D)
José Vázquez to third
Steve Koch to second
Batting: LHB Vicente Castaneda 0-0: Ball
1-0: Grounds into double play, 4-6-3 (Groundball, 4)
Bottom of the 1st over - 0 runs, 1 hit, 0 errors, 2 left on base; Santa Barbara 1 - Ellenburg 0
TOP OF THE 2ND
Santa Barbara Golden Cranes batting - Pitching for Ellenburg Fighting Dachsunds : RHP José Macías
Batting: RHB John Aston 0-0: Called Strike
0-1: Ball
1-1: Swinging Strike
1-2: Ball
2-2: Strikes out looking
Batting: RHB Christian Turner 0-0: Foul Ball, location: 2F
0-1: Swinging Strike
0-2: Foul Ball, location: 2F
0-2: Ball
1-2: Ground out 4-3 (Groundball, 4M)
Batting: RHB Salvador Noriega 0-0: Called Strike
0-1: Ball
1-1: Foul Ball, location: 2F
1-2: Ball
2-2: Ball
3-2: Foul Ball, location: 2F
3-2: Foul Ball, location: 2F
3-2: Foul Ball, location: 2F
3-2: Ground out 6-3 (Groundball, 6)
Top of the 2nd over - 0 runs, 0 hits, 0 errors, 0 left on base; Santa Barbara 1 - Ellenburg 0
BOTTOM OF THE 2ND
Ellenburg Fighting Dachsunds batting - Pitching for Santa Barbara Golden Cranes : RHP Gilberto Medina
Batting: RHB Gonzalo Sánchez 0-0: Ball
1-0: Ball
2-0: Fly out, F4 (Popup, 3DF)
Batting: RHB Preston Hernández 0-0: Called Strike
0-1: Called Strike
0-2: Ground out 4-3 (Groundball, 4M)
Batting: RHB Meka Knight 0-0: Ball
1-0: Called Strike
1-1: Ball
2-1: Foul Ball, location: 2F
2-2: Foul Ball, location: 2F
2-2: Foul Ball, location: 2F
2-2: Ball
3-2: Foul Ball, location: 2F
3-2: Base on Balls
Batting: RHB Marty Jennings 0-0: Fly out, F8 (Flyball, 8LM)
Bottom of the 2nd over - 0 runs, 0 hits, 0 errors, 1 left on base; Santa Barbara 1 - Ellenburg 0
TOP OF THE 3RD
Santa Barbara Golden Cranes batting - Pitching for Ellenburg Fighting Dachsunds : RHP José Macías
Batting: LHB Manny Rosário 0-0: Ball
1-0: Ball
2-0: Ball
3-0: Foul Ball, location: 2F
3-1: Called Strike
3-2: DOUBLE (Line Drive, 89D)
Batting: RHB Ed St. James 0-0: Called Strike
0-1: Ball
1-1: Foul Ball, location: 2F
1-2: Ball
2-2: SINGLE (Groundball, 4MD)
Manny Rosário to third
Runner from 3rd tries for Home, SAFE, no throw
Batting: RHB Gilbert Graham 0-0: Ball
1-0: Foul Ball, location: 2F
1-1: Ball
2-1: Called Strike
2-2: Ball
3-2: SINGLE (Flyball, 9LS)
Ed St. James to second
Runner from 2nd tries for 3rd, SAFE, no throw
Batting: LHB Sixto Álvarez 0-0: Ball
Gilbert Graham steals 2nd base
1-0: Ball
2-0: Ball
3-0: Base on Balls
Batting: RHB James Pike 0-0: Grounds into double play, 3-6-4 (Groundball, 34)
Ed St. James scores
Gilbert Graham to third
Batting: RHB Logan Manning 0-0: Swinging Strike
0-1: Foul Ball, location: 2F
0-2: Strikes out swinging
Top of the 3rd over - 2 runs, 3 hits, 0 errors, 1 left on base; Santa Barbara 3 - Ellenburg 0
BOTTOM OF THE 3RD
Ellenburg Fighting Dachsunds batting - Pitching for Santa Barbara Golden Cranes : RHP Gilberto Medina
Batting: RHB Edwin Berns 0-0: Foul Ball, location: 2F
0-1: Called Strike
0-2: Ball
1-2: Foul Ball, location: 2F
1-2: Ball
2-2: Ball
3-2: DOUBLE (Groundball, 5L)
Batting: RHB José Vázquez 0-0: Fly out, F8 (Flyball, 78D)
Batting: RHB Steve Koch 0-0: Called Strike
0-1: SINGLE (Groundball, 56) (infield hit)
Edwin Berns to third
Batting: RHB Alan McLennan 0-0: Ball
1-0: Called Strike
1-1: Called Strike
1-2: Strikes out looking
Batting: LHB Vicente Castaneda 0-0: Ball
1-0: Ball
2-0: Fly out, F9 (Flyball, 9S)
Bottom of the 3rd over - 0 runs, 2 hits, 0 errors, 2 left on base; Santa Barbara 3 - Ellenburg 0
TOP OF THE 4TH
Santa Barbara Golden Cranes batting - Pitching for Ellenburg Fighting Dachsunds : RHP José Macías
Batting: RHB John Aston 0-0: Ball
1-0: Swinging Strike
1-1: Called Strike
1-2: Ball
2-2: Foul Ball, location: 2F
2-2: Ball
3-2: Foul Ball, location: 2F
3-2: Foul Ball, location: 2F
3-2: DOUBLE (Line Drive, 7LM)
Pinch Runner at 2nd Armando Villarreal:
Batting: RHB Christian Turner 0-0: Ball
1-0: Ball
2-0: Called Strike
2-1: Ground out 4-3 (Groundball, 4)
Armando Villarreal to third
Batting: RHB Salvador Noriega 0-0: Foul Ball, location: 2F
0-1: Ground out 6-3 (Groundball, 6S)
Armando Villarreal scores
Batting: LHB Manny Rosário 0-0: Ball
1-0: Called Strike
1-1: Ball
2-1: Foul Ball, location: 2F
2-2: Strikes out swinging
Top of the 4th over - 1 run, 1 hit, 0 errors, 0 left on base; Santa Barbara 4 - Ellenburg 0
BOTTOM OF THE 4TH
Ellenburg Fighting Dachsunds batting - Pitching for Santa Barbara Golden Cranes : RHP Gilberto Medina
Batting: RHB Gonzalo Sánchez 0-0: Called Strike
0-1: Swinging Strike
0-2: Ground out 4-3 (Groundball, 4M)
Batting: RHB Preston Hernández 0-0: Called Strike
0-1: Ball
1-1: Fly out, F9 (Flyball, 9)
Batting: RHB Meka Knight 0-0: Ball
1-0: Ball
2-0: Swinging Strike
2-1: Ball
3-1: Fly out, F8 (Flyball, 8LD)
Bottom of the 4th over - 0 runs, 0 hits, 0 errors, 0 left on base; Santa Barbara 4 - Ellenburg 0
TOP OF THE 5TH
Santa Barbara Golden Cranes batting - Pitching for Ellenburg Fighting Dachsunds : RHP José Macías
Batting: RHB Ed St. James 0-0: Ball
1-0: Ball
2-0: Called Strike
2-1: Ground out 6-3 (Groundball, 6)
Batting: RHB Gilbert Graham 0-0: Called Strike
0-1: Ball
1-1: Ball
2-1: Ball
3-1: Called Strike
3-2: Base on Balls
Batting: LHB Sixto Álvarez 0-0: Called Strike
0-1: Foul Ball, location: 2F
0-2: Ball
1-2: Grounds into double play, 4-6-3 (Groundball, 4D)
Top of the 5th over - 0 runs, 0 hits, 0 errors, 0 left on base; Santa Barbara 4 - Ellenburg 0
BOTTOM OF THE 5TH
Ellenburg Fighting Dachsunds batting - Pitching for Santa Barbara Golden Cranes : RHP Gilberto Medina
Batting: RHB Marty Jennings 0-0: Ball
1-0: Called Strike
1-1: Foul Ball, location: 2F
1-2: Ground out 4-3 (Groundball, 34)
Batting: RHB Edwin Berns 0-0: Ball
1-0: Fly out, F9 (Flyball, 9S)
Batting: RHB José Vázquez 0-0: Called Strike
0-1: Ball
1-1: Ball
2-1: Ball
3-1: Base on Balls
Batting: RHB Steve Koch 0-0: Called Strike
0-1: Called Strike
0-2: Ball
1-2: Ball
2-2: Foul Ball, location: 2F
2-2: Fly out, F8 (Flyball, 8LD)
Bottom of the 5th over - 0 runs, 0 hits, 0 errors, 1 left on base; Santa Barbara 4 - Ellenburg 0
TOP OF THE 6TH
Santa Barbara Golden Cranes batting - Pitching for Ellenburg Fighting Dachsunds : RHP José Macías
Batting: RHB James Pike 0-0: Called Strike
0-1: Foul Ball, location: 2F
0-2: Ball
1-2: Foul Ball, location: 2F
1-2: Foul Ball, location: 2F
1-2: Foul Ball, location: 2F
1-2: Foul Ball, location: 2F
1-2: Ground out 4-3 (Groundball, 4S)
Batting: RHB Logan Manning 0-0: Ball
1-0: Called Strike
1-1: Ball
2-1: Fly out, F2 (Popup, 15S)
Batting: LHB Armando Villarreal 0-0: SINGLE (Line Drive, 7S)
Pitching: LHP Jack King
Batting: RHB Christian Turner 0-0: SINGLE (Line Drive, 56D)
Armando Villarreal to second
Batting: RHB Salvador Noriega 0-0: Called Strike
0-1: Ball
1-1: Foul Ball, location: 2F
1-2: Foul Ball, location: 2F
1-2: Strikes out swinging
Top of the 6th over - 0 runs, 2 hits, 0 errors, 2 left on base; Santa Barbara 4 - Ellenburg 0
BOTTOM OF THE 6TH
Ellenburg Fighting Dachsunds batting - Pitching for Santa Barbara Golden Cranes : RHP Gilberto Medina
Batting: RHB Alan McLennan 0-0: Foul Ball, location: 2F
0-1: Ball
1-1: Foul Ball, location: 2F
1-2: Strikes out swinging
Batting: LHB Vicente Castaneda 0-0: Ball
1-0: Ball
2-0: Ball
3-0: Called Strike
3-1: Swinging Strike
3-2: Base on Balls
Batting: RHB Gonzalo Sánchez 0-0: Grounds into double play, 4-6-3 (Groundball, 4)
Bottom of the 6th over - 0 runs, 0 hits, 0 errors, 0 left on base; Santa Barbara 4 - Ellenburg 0
TOP OF THE 7TH
Santa Barbara Golden Cranes batting - Pitching for Ellenburg Fighting Dachsunds : LHP Jack King
Batting: LHB Manny Rosário 0-0: Ball
1-0: Called Strike
1-1: Fly out, F7 (Flyball, 78D)
Batting: RHB Ed St. James 0-0: Ground out 6-3 (Groundball, 6)
Batting: RHB Gilbert Graham 0-0: Called Strike
0-1: Ball
1-1: Called Strike
1-2: Ball
2-2: Ball
3-2: Foul Ball, location: 2F
3-2: Strikes out swinging, 2-3 out at first.
Top of the 7th over - 0 runs, 0 hits, 0 errors, 0 left on base; Santa Barbara 4 - Ellenburg 0
BOTTOM OF THE 7TH
Ellenburg Fighting Dachsunds batting - Pitching for Santa Barbara Golden Cranes : RHP Gilberto Medina
Batting: RHB Preston Hernández 0-0: Ball
1-0: Ball
2-0: Called Strike
2-1: Swinging Strike
2-2: DOUBLE (Line Drive, 7LD)
Batting: RHB Meka Knight 0-0: Swinging Strike
0-1: Ball
1-1: Ball
2-1: Swinging Strike
2-2: Strikes out swinging
Batting: RHB Marty Jennings 0-0: Called Strike
0-1: Fly out, F4 (Popup, 4MS)
Batting: RHB Edwin Berns 0-0: Ground out 5-3 (Groundball, 56)
Bottom of the 7th over - 0 runs, 1 hit, 0 errors, 1 left on base; Santa Barbara 4 - Ellenburg 0
TOP OF THE 8TH
Santa Barbara Golden Cranes batting - Pitching for Ellenburg Fighting Dachsunds : LHP Jack King
Batting: LHB Sixto Álvarez 0-0: Ball
1-0: Foul Ball, location: 2F
1-1: SINGLE (Groundball, 6D)
Batting: RHB James Pike 0-0: Called Strike
0-1: Called Strike
0-2: Ball
1-2: Strikes out swinging
Batting: RHB Logan Manning 0-0: Ball
1-0: Called Strike
1-1: Ball
2-1: 2-RUN HOME RUN (Flyball, 9LD), Distance : 348 ft
Batting: LHB Armando Villarreal 0-0: Ball
1-0: Ball
2-0: Ball
3-0: Base on Balls
Pitching: RHP Severiano Duclos
Batting: RHB Christian Turner 0-0: Ball
1-0: Swinging Strike
1-1: Ball
2-1: Ball
3-1: Base on Balls
Armando Villarreal to second
Batting: RHB Salvador Noriega 0-0: Foul Ball, location: 2F
0-1: Ball
1-1: Ground out 4-3 (Groundball, 4S)
Armando Villarreal to third
Christian Turner to second
Batting: LHB Manny Rosário 0-0: Ball
1-0: Ball
2-0: Called Strike
2-1: Foul Ball, location: 2F
2-2: Strikes out swinging
Top of the 8th over - 2 runs, 2 hits, 0 errors, 2 left on base; Santa Barbara 6 - Ellenburg 0
BOTTOM OF THE 8TH
Ellenburg Fighting Dachsunds batting - Pitching for Santa Barbara Golden Cranes : RHP Gilberto Medina
Batting: RHB José Vázquez 0-0: Called Strike
0-1: Ball
1-1: Ball
2-1: Foul Ball, location: 2F
2-2: Ball
3-2: Base on Balls
Pitching: LHP José Ortíz
Batting: RHB Steve Koch 0-0: Called Strike
0-1: Ball
1-1: SINGLE (Line Drive, 8LS)
José Vázquez to second
Batting: RHB Alan McLennan 0-0: Ball
1-0: Swinging Strike
1-1: Ball
2-1: Ground out 5-3 (Groundball, 56S)
José Vázquez to third
Steve Koch to second
Batting: LHB Vicente Castaneda 0-0: Ball
1-0: Ball
2-0: Called Strike
2-1: Ball
3-1: Called Strike
3-2: Fly out, F8 (Flyball, 8RS)
Runner from 3rd tags up, SCORES, no throw
Batting: RHB Gonzalo Sánchez 0-0: Ball
1-0: Ball
2-0: Ball
3-0: Base on Balls
Batting: RHB Preston Hernández 0-0: Ball
1-0: Called Strike
1-1: SINGLE (Groundball, 56D)
Steve Koch to third
Gonzalo Sánchez to second
Throwing error, E7
Steve Koch scores
Gonzalo Sánchez to third
Preston Hernández to second
Batting: RHB Meka Knight 0-0: Ball
1-0: Foul Ball, location: 2F
1-1: Called Strike
1-2: Foul Ball, location: 2F
1-2: Ground out 6-3 (Groundball, 56)
Bottom of the 8th over - 2 runs, 2 hits, 1 error, 2 left on base; Santa Barbara 6 - Ellenburg 2
TOP OF THE 9TH
Santa Barbara Golden Cranes batting - Pitching for Ellenburg Fighting Dachsunds : RHP Severiano Duclos
Pitching: LHP José Tovar
Batting: RHB Ed St. James 0-0: Called Strike
0-1: Foul Ball, location: 2F
0-2: Ball
1-2: Fly out, F5 (Popup, 25F)
Batting: RHB Gilbert Graham 0-0: Hit by Pitch
Batting: LHB Sixto Álvarez 0-0: Called Strike
0-1: Ball
1-1: Swinging Strike
1-2: Strikes out swinging
Gilbert Graham steals 2nd base
Batter strikes out.
Batting: RHB James Pike 0-0: Called Strike
0-1: Ball
1-1: Ground out 5-3 (Groundball, 56S)
Top of the 9th over - 0 runs, 0 hits, 0 errors, 1 left on base; Santa Barbara 6 - Ellenburg 2
BOTTOM OF THE 9TH
Ellenburg Fighting Dachsunds batting - Pitching for Santa Barbara Golden Cranes : LHP José Ortíz
Batting: RHB Marty Jennings 0-0: Called Strike
0-1: Fly out, F4 (Line Drive, 4)
Batting: RHB Edwin Berns 0-0: Fly out, F9 (Flyball, 89S)
Batting: RHB José Vázquez 0-0: Ball
1-0: Fly out, F6 (Line Drive, 6)
Bottom of the 9th over - 0 runs, 0 hits, 0 errors, 0 left on base; Santa Barbara 6 - Ellenburg 2
Tuesday, December 19th, 2017 - OOTP Baseball 18.8 Build 76